 Dungeon Sprint DCSS version 0.17-a0-2231-gd80ca38 (webtiles) character file.

46314 Kidiri the Unseen (level 13, -2/69 HPs)
             Began as a Spriggan Enchanter on Oct 29, 2015.
             Was the Champion of Dithmenos.
             Slain by an azure jelly (17 damage)
             ... in the Dungeon (Sprint III: "The Ten Rune Challenge").
             The game lasted 00:35:58 (5517 turns).

Kidiri the Unseen (Spriggan Enchanter)              Turns: 5517, Time: 00:35:58

Health: -2/69      AC: 17    Str:  4      XL:     13   Next: 36%
Magic:  17/34      EV: 35    Int: 21 (22) God:    Dithmenos [******]
Gold:   4104       SH:  8    Dex: 19      Spells: 9 memorised, 19 levels left

rFire  . . .     SeeInvis +     c - +2 dagger (venom)
rCold  . . .     Rnd*Rage +     n - +3 robe of Clouds {+Fly rElec}
rNeg   . . .     SustAt   .     (shield restricted)
rPois  .         Gourm    .     i - +1 hat {Int+3}
rElec  +         Spirit   .     m - +0 cloak
rCorr  .         Warding  .     (gloves unavailable)
rMut   .         NoTele   +     (boots unavailable)
MR     ++...                    (no amulet)
Stlth  ++++++++++               (no ring)
                                (no ring)

@: icy armour, icy shield, wreathed by umbra, very quick, very resistant to
hostile enchantments, uncannily stealthy
A: unfitting armour, hooves 1, see invisible, berserk 1, blink, deterioration 1,
herbivore 3, speed 3, slow metabolism 2
a: Blink, Shadow Step, Shadow Form, Renounce Religion, Evoke Flight
}: 1/10 runes: serpentine


You were in the Dungeon.
You worshipped Dithmenos.
Dithmenos was exalted by your worship.
You were not hungry.

You visited 1 branch You collected 4740 gold pieces.
You spent 636 gold pieces at shops.

Inventory:

Hand Weapons
 c - a +2 dagger of venom (weapon)
Armour
 i - a +1 hat of intelligence (worn)
 m - a +0 cloak (worn)
 n - the +3 robe of Clouds (worn) {+Fly rElec}
   (You bought it in a shop in the Dungeon)

   It insulates you from electricity.
   It lets you fly.
Scrolls
 j - a scroll of blinking
 k - a scroll of recharging
 o - 2 scrolls of torment
 q - 3 scrolls of amnesia {unknown}
Potions
 a - a potion of invisibility {unknown}
 d - a potion of heal wounds
 e - 4 potions of curing
 f - a potion of cancellation {unknown}
 g - 3 potions of haste
 s - 3 potions of flight
Comestibles
 r - 8 fruits
 t - 23 royal jellies


   Skills:
 + Level 8.4 Fighting
 * Level 15.0 Short Blades
 + Level 7.9 Armour
 * Level 18.7 Dodging
 * Level 20.2 Stealth
 * Level 16.1 Spellcasting
 + Level 7.4 Conjurations
 + Level 12.6 Hexes
 + Level 12.8 Charms
 + Level 8.4 Ice Magic
 - Level 2.7 Invocations


You had 19 spell levels left.
You knew the following spells:

 Your Spells              Type           Power        Failure   Level  Hunger
a - Corona                Hex            ######.      1%          1    None
b - Ensorcelled Hibernat  Hex/Ice        ######       1%          2    None
c - Confuse               Hex            ######..     1%          3    None
d - Tukima's Dance        Hex            ######..     1%          3    None
e - Dazzling Spray        Conj/Hex       ######..     1%          3    None
f - Throw Frost           Conj/Ice       ######       1%          2    None
g - Ozocubu's Armour      Chrm/Ice       ######..     1%          3    None
h - Condensation Shield   Ice            ######....   1%          4    None
i - Throw Icicle          Conj/Ice       ######..     1%          4    None


Dungeon Overview and Level Annotations

Branches:
Dungeon (1/1)

Altars:
Cheibriados
Dithmenos
Elyvilon
Fedhas
Gozag
Kikubaaqudgha
Makhleb
Nemelex Xobeh
Okawaru
Qazlal
Ru
Sif Muna
Trog
Vehumet
Xom
Yredelemnul
Zin
The Shining One
Jiyva
Lugonu

Shops:
D [?:}!(}

Annotations:
D Lernaean hydra


Innate Abilities, Weirdness & Mutations

You are tiny and cannot use many weapons and most armour.
You have supernaturally acute eyesight.
You are a herbivore.
You cover ground extremely quickly.
You need consume almost no food.
You have large cloven feet.
You tend to lose your temper in combat.
You can translocate small distances at will.
Your body sometimes deteriorates upon taking damage.


Message History

Press: ? - help, Shift-Dir - straight line, f/p - azure jelly
Aim: an azure jelly (almost dead, umbra)
The spray of energy hits the azure jelly.
The azure jelly is almost dead.
The azure jelly hits you but does no damage.
The azure jelly closely misses you.
The azure jelly hits you but does no damage.
You block the azure jelly's attack.
Casting: Dazzling Spray
Confirm with . or Enter, or press ? or * to list all spells.
Aiming: Dazzling Spray
Press: ? - help, Shift-Dir - straight line, f/p - azure jelly
Aim: an azure jelly (almost dead, umbra)
The spray of energy hits the azure jelly.
The azure jelly is almost dead.
You block the azure jelly's attack. The azure jelly hits you!
* * * LOW HITPOINT WARNING * * *
Your body deteriorates!
You feel dopey. The azure jelly freezes you!
You die...

▓.PP#..≈§§§§≈≈≈'.....#.≈♣♣♣♣♣♣♣♣
▓..P#≈≈§§§§§≈≈♣♣♣♣♣♣♣#§.♣♣
▓.††#≈≈≈≈§§≈≈≈♣ ###+♣♣♣♣♣♣♣
▓##+####'#######♣ ♣♣♣♣.##..##≈
▓........§§.).J§♣♣ ♣...##.##.#≈
▓#'#############'♣ ♣♣.##.##.##+
▓.J.#≈.§§§§......♣ ♣..#.##...#
▓...+≈§§§§########♣♣ ♣♣.##.##.)#
▓.J.#≈≈§§§§...J@§..♣ ♣♣.##.#####
▓J..#≈≈§≈§....§§...♣ ♣.....##...
#+#############+#### ########+##
#.♣♣ #... #♣.♣ #... ♣.♣♣ #####
#### ♣♣.♣ ...φ# ##.. ♣.♣♣ D..D#
#... ♣≈♣♣ ....# #..#


You could see an azure jelly.

Vanquished Creatures
  Rupert (D)
  Gastronok (D)
  An azure jelly (D)
  A greater naga (D)
  Maud (D)
  2 dire elephants (D)
  Josephine (D)
  2 hydras (D)
  A centaur warrior (D)
  A naga warrior (D)
  4 anacondas (D)
  4 death yaks (D)
  A death drake (D)
  A swamp dragon (D)
  A spriggan druid (D)
  An orc knight (D)
  A lindwurm (D)
  An unseen horror (D)
  2 orc sorcerers (D)
  2 elephants (D)
  8 black mambas (D)
  A guardian serpent (D)
  A fire drake (D)
  2 spiny frogs (D)
  A komodo dragon (D)
  A deep elf priest (D)
  A queen bee (D)
  3 wandering mushrooms (D)
  8 blink frogs (D)
  3 redbacks (D)
  2 spriggans (D)
  A shadow (D)
  A spatial vortex (D)
  3 swamp drakes (D)
  2 nagas (D)
  4 water moccasins (D)
  2 centaurs (D)
  A necrophage (D)
  An earth elemental (D)
  2 brain worms (D)
  A water elemental (D)
  32 killer bees (D)
  An electric eel (D)
  A jelly (D)
  2 orc wizards (D)
  Crazy Yiuf (D)
  An orc priest (D)
  Jessica (D)
  A necromancer (D)
  A wizard (D)
  3 humans (D)
  A kobold demonologist (D)
  3 adders (D)
  2 oozes (D)
  5 orcs (D)
  4 plants (D)
138 creatures vanquished.

Vanquished Creatures (collateral kills)
  An orc sorcerer (D)
  An orc knight (D)
  An orc wizard (D)
  An orc priest (D)
  3 orcs (D)
7 creatures vanquished.

Vanquished Creatures (others)
  2 draconian scorchers (D)
  3 yaktaurs (D)
  5 plants (D)
10 creatures vanquished.

Grand Total: 155 creatures vanquished

Notes
Turn   | Place    | Note
--------------------------------------------------------------
     0 | D        | Kidiri the Spriggan Enchanter began the quest for the Orb.
     0 | D        | Reached XP level 1. HP: 9/9 MP: 5/5
    12 | D        | Reached skill level 5 in Stealth
    12 | D        | Reached XP level 2. HP: 10/14 MP: 7/7
    16 | D        | Learned a level 2 spell: Ensorcelled Hibernation
   212 | D        | Noticed Jessica
   215 | D        | Killed Jessica
   215 | D        | Reached skill level 1 in Fighting
   215 | D        | Reached skill level 1 in Armour
   215 | D        | Reached skill level 6 in Stealth
   215 | D        | Reached XP level 3. HP: 18/18 MP: 7/9
   264 | D        | Reached skill level 5 in Dodging
   264 | D        | Reached skill level 1 in Ice Magic
   303 | D        | Learned a level 3 spell: Confuse
   307 | D        | Learned a level 3 spell: Dazzling Spray
   312 | D        | Noticed Crazy Yiuf
   321 | D        | Killed Crazy Yiuf
   321 | D        | Reached XP level 4. HP: 22/22 MP: 3/11
   342 | D        | Killed a white draconian scorcher
   394 | D        | Gained mutation: Your body sometimes deteriorates upon taking damage. [potion of mutation]
   394 | D        | Gained mutation: You have large cloven feet. [potion of mutation]
   394 | D        | Gained mutation: You can translocate small distances at will. [potion of mutation]
   395 | D        | Gained mutation: You tend to lose your temper in combat. [potion of mutation]
   419 | D        | Noticed a water elemental
   421 | D        | Killed a water elemental
   421 | D        | Reached skill level 7 in Stealth
   421 | D        | Reached skill level 5 in Spellcasting
   421 | D        | Reached skill level 1 in Conjurations
   424 | D        | Killed a yaktaur
   426 | D        | Learned a level 3 spell: Tukima's Dance
   434 | D        | Noticed a jelly
   435 | D        | Noticed a shadow
   437 | D        | Killed a shadow
   437 | D        | Reached skill level 5 in Short Blades
   437 | D        | Reached skill level 9 in Stealth
   437 | D        | Reached skill level 5 in Hexes
   437 | D        | Reached XP level 5. HP: 27/27 MP: 13/15
   437 | D        | Reached XP level 6. HP: 32/32 MP: 13/16
   441 | D        | Killed a jelly
   442 | D        | Killed a white draconian scorcher
   460 | D        | Found a stormy altar of Qazlal.
   461 | D        | Found a sacrificial altar of Ru.
   461 | D        | Found a burning altar of Makhleb.
   461 | D        | Found a viscous altar of Jiyva.
   461 | D        | Found a shimmering altar of Xom.
   461 | D        | Found a shadowy altar of Dithmenos.
   461 | D        | Found a sparkling altar of Nemelex Xobeh.
   461 | D        | Found a corrupted altar of Lugonu.
   461 | D        | Found an opulent altar of Gozag.
   461 | D        | Noticed a spatial vortex
   465 | D        | Became a worshipper of Dithmenos the Shadowed
   682 | D        | Killed a spatial vortex
   682 | D        | Reached skill level 1 in Invocations
   786 | D        | Found a radiant altar of Vehumet.
   787 | D        | Noticed a wizard
   793 | D        | Killed a wizard
   793 | D        | Reached skill level 10 in Stealth
   797 | D        | Reached * piety under Dithmenos
   798 | D        | Found a deep blue altar of Sif Muna.
   798 | D        | Found an ancient bone altar of Kikubaaqudgha.
   815 | D        | Learned a level 2 spell: Throw Frost
   819 | D        | Learned a level 3 spell: Ozocubu's Armour
  1003 | D        | Found a glowing silver altar of Zin.
  1004 | D        | Found a glowing golden altar of the Shining One.
  1004 | D        | Found a white marble altar of Elyvilon.
  1004 | D        | Noticed a deep elf priest
  1006 | D        | Killed a deep elf priest
  1006 | D        | Reached XP level 7. HP: 36/36 MP: 17/19
  1027 | D        | Learned a level 4 spell: Condensation Shield
  1027 | D        | Found an iron altar of Okawaru.
  1028 | D        | Found a bloodstained altar of Trog.
  1028 | D        | Noticed a human
  1028 | D        | Noticed a human
  1035 | D        | Killed a human
  1035 | D        | Reached skill level 11 in Stealth
  1038 | D        | Killed a human
  1095 | D        | Found a snail-covered altar of Cheibriados.
  1095 | D        | Noticed a necrophage
  1096 | D        | Found a basalt altar of Yredelemnul.
  1096 | D        | Found a blossoming altar of Fedhas.
  1096 | D        | Noticed a necromancer
  1100 | D        | Killed a necrophage
  1100 | D        | Reached ** piety under Dithmenos
  1100 | D        | Reached skill level 10 in Dodging
  1100 | D        | Reached XP level 8. HP: 34/42 MP: 8/21
  1105 | D        | Killed a necromancer
  1272 | D        | Noticed Josephine
  1297 | D        | Killed Josephine
  1297 | D        | Reached skill level 12 in Stealth
  1549 | D        | Learned a level 4 spell: Throw Icicle
  1560 | D        | Noticed an earth elemental
  1610 | D        | Killed an earth elemental
  1722 | D        | Noticed a centaur
  1722 | D        | Noticed a centaur warrior
  1722 | D        | Noticed a centaur
  1724 | D        | Killed a centaur
  1724 | D        | Reached XP level 9. HP: 46/46 MP: 23/23
  1729 | D        | Killed a centaur
  1729 | D        | Reached *** piety under Dithmenos
  1729 | D        | Reached skill level 5 in Charms
  1737 | D        | Killed a centaur warrior
  1737 | D        | Reached skill level 13 in Stealth
  1737 | D        | Reached skill level 10 in Spellcasting
  1954 | D        | Noticed an unseen horror
  1956 | D        | Killed an unseen horror
  1956 | D        | Reached skill level 5 in Fighting
  1966 | D        | Noticed a killer bee
  1966 | D        | Noticed a killer bee
  1966 | D        | Noticed a killer bee
  1966 | D        | Noticed a killer bee
  1966 | D        | Noticed a killer bee
  1966 | D        | Noticed a killer bee
  1966 | D        | Noticed a killer bee
  1966 | D        | Noticed a killer bee
  1966 | D        | Noticed a killer bee
  1966 | D        | Noticed a killer bee
  1966 | D        | Noticed a killer bee
  1966 | D        | Noticed a killer bee
  1966 | D        | Noticed a killer bee
  1966 | D        | Noticed a killer bee
  1966 | D        | Noticed a killer bee
  1967 | D        | Noticed a killer bee
  1967 | D        | Noticed a killer bee
  1967 | D        | Noticed a killer bee
  1967 | D        | Noticed a killer bee
  1967 | D        | Noticed a killer bee
  1967 | D        | Noticed a killer bee
  1967 | D        | Noticed a killer bee
  1967 | D        | Noticed a killer bee
  1967 | D        | Noticed a killer bee
  1967 | D        | Noticed a killer bee
  1967 | D        | Noticed a queen bee
  1967 | D        | Noticed a killer bee
  1967 | D        | Noticed a killer bee
  1967 | D        | Noticed a killer bee
  1967 | D        | Noticed a killer bee
  1967 | D        | Noticed a killer bee
  1967 | D        | Noticed a killer bee
  1967 | D        | Noticed a killer bee
  1973 | D        | Killed a killer bee
  1975 | D        | Killed a killer bee
  1975 | D        | Reached **** piety under Dithmenos
  1981 | D        | Killed a killer bee
  1984 | D        | Killed a killer bee
  1992 | D        | Killed a killer bee
  1998 | D        | Killed a killer bee
  2004 | D        | Killed a killer bee
  2015 | D        | Killed a killer bee
  2015 | D        | Reached ***** piety under Dithmenos
  2020 | D        | Killed a killer bee
  2024 | D        | Killed a killer bee
  2158 | D        | Killed a yaktaur
  2188 | D        | Killed a killer bee
  2190 | D        | Killed a killer bee
  2191 | D        | Killed a killer bee
  2194 | D        | Killed a killer bee
  2194 | D        | Reached skill level 14 in Stealth
  2196 | D        | Killed a killer bee
  2196 | D        | Reached XP level 10. HP: 51/51 MP: 10/26
  2197 | D        | Killed a killer bee
  2197 | D        | Reached skill level 10 in Short Blades
  2197 | D        | Reached skill level 5 in Ice Magic
  2197 | D        | Killed a killer bee
  2197 | D        | Killed a killer bee
  2198 | D        | Killed a killer bee
  2201 | D        | Killed a killer bee
  2208 | D        | Killed a killer bee
  2208 | D        | Reached ****** piety under Dithmenos
  2212 | D        | Killed a killer bee
  2415 | D        | Killed a killer bee
  2420 | D        | Killed a killer bee
  2422 | D        | Killed a killer bee
  2423 | D        | Killed a killer bee
  2426 | D        | Killed a killer bee
  2428 | D        | Killed a killer bee
  2429 | D        | Killed a queen bee
  2429 | D        | Reached skill level 5 in Armour
  2435 | D        | Killed a killer bee
  2440 | D        | Killed a killer bee
  2666 | D        | Killed a killer bee
  2670 | D        | Killed a killer bee
  2729 | D        | Noticed a wandering mushroom
  2730 | D        | Noticed a wandering mushroom
  2730 | D        | Noticed a wandering mushroom
  2732 | D        | Killed a wandering mushroom
  2742 | D        | Killed a wandering mushroom
  2753 | D        | Killed a wandering mushroom
  2881 | D        | Noticed a spiny frog
  2881 | D        | Noticed a komodo dragon
  2881 | D        | Noticed a spiny frog
  2887 | D        | Killed a spiny frog
  2892 | D        | Killed a spiny frog
  2892 | D        | Reached skill level 15 in Stealth
  2894 | D        | Killed a komodo dragon
  2939 | D        | Noticed a redback
  2941 | D        | Killed a redback
  2942 | D        | Noticed a brain worm
  2945 | D        | Killed a brain worm
  2948 | D        | Noticed a brain worm
  2950 | D        | Killed a brain worm
  2953 | D        | Noticed a lindwurm
  2955 | D        | Noticed a redback
  2956 | D        | Killed a lindwurm
  2956 | D        | Reached skill level 5 in Conjurations
  2958 | D        | Killed a redback
  2962 | D        | Noticed a redback
  2963 | D        | Killed a redback
  2964 | D        | Noticed Maud
  2966 | D        | Killed Maud
  2966 | D        | Reached XP level 11. HP: 56/56 MP: 28/28
  2969 | D        | Noticed an electric eel
  2970 | D        | Noticed a five-headed hydra
  2970 | D        | Noticed an eight-headed hydra
  2971 | D        | Killed an electric eel
  2973 | D        | Killed a five-headed hydra
  2973 | D        | Reached skill level 16 in Stealth
  2973 | D        | Reached skill level 10 in Hexes
  2974 | D        | Killed an eight-headed hydra
  3011 | D        | Noticed a death drake
  3014 | D        | Killed a death drake
  3014 | D        | Reached skill level 15 in Dodging
  3021 | D        | Found a blossoming altar of Fedhas.
  3021 | D        | Noticed a spriggan
  3021 | D        | Noticed a spriggan druid
  3021 | D        | Noticed a spriggan
  3023 | D        | Killed a spriggan druid
  3024 | D        | Killed a spriggan
  3025 | D        | Killed a spriggan
  3055 | D        | Noticed a water moccasin
  3058 | D        | Killed a water moccasin
  3095 | D        | Noticed a water moccasin
  3095 | D        | Noticed a black mamba
  3095 | D        | Noticed an anaconda
  3095 | D        | Noticed a black mamba
  3095 | D        | Noticed a black mamba
  3095 | D        | Noticed an anaconda
  3095 | D        | Noticed a water moccasin
  3096 | D        | Killed an anaconda
  3102 | D        | Killed an anaconda
  3102 | D        | Reached skill level 17 in Stealth
  3102 | D        | Reached skill level 10 in Charms
  3113 | D        | Killed a water moccasin
  3115 | D        | Killed a black mamba
  3117 | D        | Killed a black mamba
  3122 | D        | Killed a black mamba
  3123 | D        | Killed a water moccasin
  3126 | D        | Noticed an anaconda
  3126 | D        | Noticed a black mamba
  3126 | D        | Noticed a black mamba
  3126 | D        | Noticed an anaconda
  3126 | D        | Noticed a black mamba
  3129 | D        | Killed an anaconda
  3158 | D        | Killed an anaconda
  3309 | D        | Noticed a water moccasin
  3311 | D        | Killed a black mamba
  3311 | D        | Reached XP level 12. HP: 63/63 MP: 25/30
  3313 | D        | Killed a black mamba
  3316 | D        | Killed a water moccasin
  3319 | D        | Killed a black mamba
  3386 | D        | Noticed a naga
  3386 | D        | Noticed a naga
  3387 | D        | Noticed a naga warrior
  3387 | D        | Noticed a greater naga
  3387 | D        | Found Ajagh's Gadget Shop.
  3387 | D        | Found Essuuve's Distillery.
  3388 | D        | Killed a naga
  3389 | D        | Killed a naga
  3390 | D        | Found Cahem's Antique Weapon Boutique.
  3391 | D        | Killed a greater naga
  3391 | D        | Reached skill level 18 in Stealth
  3392 | D        | Killed a naga warrior
  3402 | D        | Noticed a guardian serpent
  3404 | D        | Killed a guardian serpent
  3407 | D        | Got a serpentine rune of Zot
  3562 | D        | Noticed a swamp drake
  3562 | D        | Noticed a fire drake
  3563 | D        | Killed a fire drake
  3565 | D        | Killed a swamp drake
  3571 | D        | Noticed a blink frog
  3571 | D        | Noticed a blink frog
  3571 | D        | Noticed a blink frog
  3572 | D        | Noticed a blink frog
  3572 | D        | Noticed a blink frog
  3573 | D        | Killed a blink frog
  3578 | D        | Killed a blink frog
  3582 | D        | Killed a blink frog
  3590 | D        | Killed a blink frog
  3595 | D        | Killed a blink frog
  3688 | D        | Noticed Rupert
  3693 | D        | Killed Rupert
  3699 | D        | Noticed a death yak
  3700 | D        | Noticed a death yak
  3700 | D        | Noticed a blink frog
  3701 | D        | Noticed an azure jelly
  3701 | D        | Noticed a death yak
  3701 | D        | Noticed an azure jelly
  3701 | D        | Noticed a blink frog
  3701 | D        | Noticed a death yak
  3710 | D        | Killed a death yak
  3711 | D        | Noticed a blink frog
  3846 | D        | Noticed a black mamba
  3849 | D        | Killed a black mamba
  3849 | D        | Reached skill level 15 in Spellcasting
  3851 | D        | Noticed a black mamba
  3851 | D        | Killed a yaktaur
  3852 | D        | Killed a blink frog
  3855 | D        | Killed a blink frog
  3864 | D        | Killed a death yak
  3864 | D        | Reached skill level 19 in Stealth
  4189 | D        | Killed a death yak
  4190 | D        | Killed a black mamba
  4191 | D        | Killed a blink frog
  4203 | D        | Killed a death yak
  4350 | D        | Noticed a swamp drake
  4358 | D        | Killed a swamp drake
  4418 | D        | Noticed a swamp drake
  4419 | D        | Found Xobo's Antique Armour Shoppe.
  4420 | D        | Killed a swamp drake
  4421 | D        | Found Bojex's Magic Scroll Boutique.
  4421 | D        | Noticed a swamp dragon
  4423 | D        | Found Kosoilil's Book Emporium.
  4430 | D        | Killed a swamp dragon
  4626 | D        | Noticed a four-headed hydra
  4626 | D        | Noticed the 27-headed Lernaean hydra
  4686 | D        | Noticed an azure jelly
  4686 | D        | Noticed an azure jelly
  4687 | D        | Noticed an elephant
  4687 | D        | Noticed an elephant
  4687 | D        | Noticed a dire elephant
  4687 | D        | Noticed a dire elephant
  4687 | D        | Noticed Gastronok
  4689 | D        | Killed Gastronok
  4689 | D        | Reached XP level 13. HP: 68/68 MP: 33/33
  4690 | D        | Killed a dire elephant
  4692 | D        | Killed a dire elephant
  4695 | D        | Killed an elephant
  4697 | D        | Killed an elephant
  4798 | D        | Found Teicomniaw's Gadget Emporium.
  4798 | D        | Noticed an orc sorcerer
  4798 | D        | Noticed an orc knight
  4798 | D        | Noticed an orc wizard
  4798 | D        | Noticed an orc priest
  4798 | D        | Noticed an orc knight
  4798 | D        | Noticed an orc wizard
  4798 | D        | Noticed an orc sorcerer
  4798 | D        | Noticed an orc wizard
  4798 | D        | Noticed an orc priest
  4802 | D        | Killed an orc wizard
  4809 | D        | Killed an orc knight
  4809 | D        | Killed an orc priest
  4809 | D        | Killed an orc wizard
  4821 | D        | Killed an orc sorcerer
  4827 | D        | Noticed an orc sorcerer
  4833 | D        | Killed an orc sorcerer
  4835 | D        | Killed an orc sorcerer
  4840 | D        | Killed an orc wizard
  4857 | D        | Killed an orc priest
  4866 | D        | Killed an orc knight
  4866 | D        | Reached skill level 20 in Stealth
  5372 | D        | Bought the +3 robe of Clouds {+Fly rElec} for 636 gold pieces
  5503 | D        | Killed an azure jelly
  5503 | D        | Reached skill level 15 in Short Blades
  5517 | D        | Slain by an azure jelly

Vault maps used:
D:        dungeon_sprint_mu

Action                   |  1- 3 |  4- 6 |  7- 9 | 10-12 | 13-15 || total
-------------------------+-------+-------+-------+-------+-------++-------
Melee: Dagger            |    19 |    18 |    88 |   242 |    32 ||   399
 Cast: Ensorcelled Hiber |     5 |     2 |     5 |    27 |       ||    39
       Corona            |     1 |       |       |       |       ||     1
       Tukima's Dance    |       |    10 |       |       |     3 ||    13
       Dazzling Spray    |       |     7 |    24 |    36 |    22 ||    89
       Confuse           |       |       |     4 |     1 |     1 ||     6
       Throw Icicle      |       |       |     4 |     6 |       ||    10
       Ozocubu's Armour  |       |       |     1 |     3 |     2 ||     6
       Condensation Shie |       |       |     1 |     3 |     2 ||     6
       Throw Frost       |       |       |       |       |     2 ||     2
Invok: Shadow Step       |       |       |       |    14 |       ||    14
  Use: Scroll            |       |     3 |       |       |       ||     3
       Potion            |       |     2 |     3 |       |     3 ||     8
 Stab: Sleeping          |     4 |     4 |     2 |    52 |     4 ||    66
       Invisible         |       |     2 |     8 |     5 |     2 ||    17
       Confused          |       |       |     1 |     2 |       ||     3
       Distracted        |       |       |       |       |     1 ||     1
  Eat: Bread ration      |       |       |     1 |       |       ||     1
       Fruit             |       |       |       |       |     1 ||     1
